 Dungeon Crawl Stone Soup version 0.23.2-33-g5129a83184 (webtiles) character file.

Game seed: 1947511811836089407

128 troglodite the Covered (level 5, -2/43 HPs)
             Began as a Gnoll Wanderer on July 2, 2019.
             Slain by Crazy Yiuf
             ... wielding a +2 quarterstaff of chaos
              (4 damage)
             ... on level 2 of the Dungeon.
             The game lasted 00:06:49 (1788 turns).

troglodite the Covered (Gnoll Wanderer)             Turns: 1788, Time: 00:06:50

Health: -2/43      AC: 11    Str: 16    XL:     5   Next: 12%
Magic:  9/9        EV:  9    Int: 16    God:
Gold:   82         SH:  0    Dex: 12    Spells: 9/10 levels left

rFire    . . .     SeeInvis .   a - +0 shortbow
rCold    . . .     Gourm    .   (shield currently unavailable)
rNeg     . . .     Faith    +   b - +2 scale mail
rPois    .         Spirit   .   o - +0 helmet
rElec    .         Reflect  .   (no cloak)
rCorr    .         Harm     .   (no gloves)
MR       .....                  j - +0 pair of boots
Stlth    +.........             h - amulet of faith
HPRegen  0.14/turn              (no ring)
MPRegen  0.11/turn              (no ring)

@: lethally poisoned (-2 -> -8), lightly drained
A: distributed training, fangs 1, strong nose
a: no special abilities


You were on level 2 of the Dungeon.
You were not hungry.

You visited 1 branch of the dungeon, and saw 2 of its levels.

You collected 82 gold pieces.

Inventory:

Hand Weapons
 a - a +0 shortbow (weapon)
 m - a +0 spear
Missiles
 c - 15 arrows (quivered)
Armour
 b - a +2 scale mail (worn)
 j - a +0 pair of boots (worn)
 o - a +0 helmet (worn)
Jewellery
 h - an amulet of faith (around neck)
Scrolls
 d - a scroll of identify {unknown}
 e - a scroll of enchant weapon {unknown}
 i - 2 scrolls of immolation {unknown}
 l - a scroll of teleportation {unknown}
 n - a scroll of random uselessness {unknown}
Potions
 g - a potion of flight {unknown}
 p - 2 potions of curing {unknown}
 q - a potion of heal wounds {unknown}
Comestibles
 f - 3 rations


   Skills:
 + Level 4.7(4.5) Fighting
 + Level 1.3(1.1) Short Blades
 + Level 1.3(1.1) Long Blades
 + Level 1.3(1.1) Axes
 + Level 1.3(1.1) Maces & Flails
 + Level 1.3(1.1) Polearms
 + Level 1.3(1.1) Staves
 + Level 1.3(1.1) Slings
 + Level 2.9(2.7) Bows
 + Level 1.3(1.1) Crossbows
 + Level 1.3(1.1) Throwing
 + Level 4.7(4.5) Armour
 + Level 1.3(1.1) Dodging
 + Level 2.7(2.4) Stealth
 + Level 1.3(1.1) Shields
 + Level 1.3(1.1) Unarmed Combat
 + Level 3.1(2.8) Spellcasting
 + Level 1.1(0.9) Conjurations
 + Level 1.1(0.9) Hexes
 + Level 2.3(2.1) Charms
 + Level 1.1(0.9) Summonings
 + Level 1.1(0.9) Necromancy
 + Level 1.1(0.9) Translocations
 + Level 2.3(2.1) Transmutations
 + Level 1.1(0.9) Fire Magic
 + Level 1.1(0.9) Ice Magic
 + Level 1.1(0.9) Air Magic
 + Level 1.1(0.9) Earth Magic
 + Level 1.1(0.9) Poison Magic
 + Level 1.5(1.3) Invocations
 + Level 2.9(2.7) Evocations


You had 9 spell levels left.
You knew the following spells:

 Your Spells              Type           Power        Failure   Level  Hunger
a - Sting                 Conj/Pois      #...         41%         1    #......

Your spell library contained the following spells:

 Spells                   Type           Power        Failure   Level  Hunger
 Ignite Poison            Fire/Tmut/Pois #.......     73%         3    ###....


Dungeon Overview and Level Annotations

Branches:
Dungeon (2/15)

Altars:

Annotations:
D:2 Crazy Yiuf


Innate Abilities, Weirdness & Mutations

Your experience applies equally to all skills.
You have very sharp teeth.
Your uncanny sense of smell can sniff out nearby items.


Message History

You shoot an arrow. The arrow barely misses Crazy Yiuf.
Crazy Yiuf hits you with a +2 quarterstaff of chaos.
Crazy Yiuf freezes you.
* * * LOW HITPOINT WARNING * * *
Firing (i - inventory)
c - 17 arrows (quivered)
Press: ? - help, Shift-Dir - straight line, f/p - Crazy Yiuf
Aim: Crazy Yiuf, wielding a +2 quarterstaff of chaos and wearing a +0 cloak You shoot an arrow.
The arrow barely misses Crazy Yiuf.
You feel sick. Crazy Yiuf closely misses you.
Firing (i - inventory)
c - 16 arrows (quivered)
Press: ? - help, Shift-Dir - straight line, f/p - Crazy Yiuf
Aim: Crazy Yiuf, wielding a +2 quarterstaff of chaos and wearing a +0 cloak You shoot an arrow.
The arrow hits Crazy Yiuf.
Crazy Yiuf is lightly wounded.
You feel sick.
Crazy Yiuf says, "Ice!
Tosser mobile ladder."
Crazy Yiuf hits you with a +2 quarterstaff of chaos!
* * * LOW HITPOINT WARNING * * *
Crazy Yiuf freezes you.
You die...

###..................
#..............#'####
#.################ #.
#.# #. #.# #. #.#####
### #. #...#.##
###..)# ##.
#......####)'.).# #..
##..@g.(#))##...# #..
##.#.)#.### ### ###
######## . # ∆ . .


You could see Crazy Yiuf.

Vanquished Creatures
  Robin (D:2)
  4 gnolls (D:2)
  2 adders (D:2)
  A worm (D:2)
  A dart slug (D:1)
  2 leopard geckos
  3 giant cockroaches
  8 goblins
  8 hobgoblins
  5 jackals (D:1)
  3 ball pythons (D:1)
  5 bats
  2 frilled lizards (D:2)
  3 kobolds
  11 rats
59 creatures vanquished.

Notes
Turn   | Place    | Note
-------+----------+-------------------------------------------
     0 | D:1      | troglodite the Gnoll Wanderer began the quest for the Orb.
     0 | D:1      | troglodite set off with the following items: a +0 shortbow,
                  | a +2 scale mail, 22 arrows, a ration; and the following
                  | spell memorised: Sting; and the following spells available
                  | to memorise: Ignite Poison
     0 | D:1      | Reached XP level 1. HP: 20/20 MP: 4/4
    88 | D:1      | Reached XP level 2. HP: 26/26 MP: 5/5
   441 | D:1      | Reached XP level 3. HP: 24/31 MP: 7/7
  1200 | D:2      | Reached skill level 1 in Invocations
  1204 | D:2      | Reached skill level 1 in Short Blades
  1204 | D:2      | Reached skill level 1 in Long Blades
  1204 | D:2      | Reached skill level 1 in Axes
  1204 | D:2      | Reached skill level 1 in Maces & Flails
  1204 | D:2      | Reached skill level 1 in Polearms
  1204 | D:2      | Reached skill level 1 in Staves
  1204 | D:2      | Reached skill level 1 in Slings
  1204 | D:2      | Reached skill level 1 in Crossbows
  1204 | D:2      | Reached skill level 1 in Throwing
  1204 | D:2      | Reached skill level 1 in Dodging
  1204 | D:2      | Reached skill level 1 in Shields
  1204 | D:2      | Reached skill level 1 in Unarmed Combat
  1204 | D:2      | Reached XP level 4. HP: 32/38 MP: 8/8
  1364 | D:2      | Noticed Robin
  1398 | D:2      | Killed Robin
  1398 | D:2      | Reached skill level 1 in Conjurations
  1398 | D:2      | Reached skill level 1 in Hexes
  1398 | D:2      | Reached skill level 1 in Summonings
  1398 | D:2      | Reached skill level 1 in Necromancy
  1398 | D:2      | Reached skill level 1 in Translocations
  1398 | D:2      | Reached skill level 1 in Fire Magic
  1398 | D:2      | Reached skill level 1 in Ice Magic
  1398 | D:2      | Reached skill level 1 in Air Magic
  1398 | D:2      | Reached skill level 1 in Earth Magic
  1398 | D:2      | Reached skill level 1 in Poison Magic
  1641 | D:2      | Reached XP level 5. HP: 43/43 MP: 9/9
  1769 | D:2      | Found a runed translucent door.
  1770 | D:2      | Noticed Crazy Yiuf
  1788 | D:2      | HP: 2/43 [Crazy Yiuf/+2 quarterstaff of chaos (9)]
  1788 | D:2      | Slain by Crazy Yiuf

Skill      XL: |  1  2  3  4 |
---------------+-------------+-----
Charms         | 2 |  2.3
Transmutations | 2 |  2.3
Invocations    | 1 |  1.5
Short Blades   | 1 |  1.3
Long Blades    | 1 |  1.3
Axes           | 1 |  1.3
Maces & Flails | 1 |  1.3
Polearms       | 1 |  1.3
Staves         | 1 |  1.3
Slings         | 1 |  1.3
Crossbows      | 1 |  1.3
Throwing       | 1 |  1.3
Dodging        | 1 |  1.3
Shields        | 1 |  1.3
Unarmed Combat | 1 |  1.3
Spellcasting   | 3 |  3.1
Conjurations   | 1 |  1.1
Hexes          | 1 |  1.1
Summonings     | 1 |  1.1
Necromancy     | 1 |  1.1
Translocations | 1 |  1.1
Fire Magic     | 1 |  1.1
Ice Magic      | 1 |  1.1
Air Magic      | 1 |  1.1
Earth Magic    | 1 |  1.1
Poison Magic   | 1 |  1.1
Fighting       | |  4.7
Bows           | |  2.9
Armour         | |  4.7
Stealth        | |  2.7
Evocations     | |  2.9

Action                   |  1- 3 |  4- 6 || total
-------------------------+-------+-------++-------
Melee: Spear             |       |    54 ||    54
       Bite              |       |     8 ||     8
 Fire: Shortbow          |   102 |    26 ||   128
 Cast: Sting             |       |    13 ||    13
  Eat: Chunk             |     1 |     2 ||     3
Armor: Scale mail        |    34 |    49 ||    83
Dodge: Dodged            |    48 |    48 ||    96
